 Dungeon Sprint DCSS version 0.30.0 (webtiles) character file.

Game seed: 17506171481175158552

22382 PurpleRed the Fencer (level 12, -6/130 HPs)
             Began as a Minotaur Berserker on July 18, 2023.
             Was the Champion of Trog.
             Mangled by a fire giant
             ... wielding a +2 great sword of flaming
              (9 damage)
             ... in the Dungeon (Sprint I: "Red Sonja").
             The game lasted 00:23:13 (5112 turns).

PurpleRed the Fencer (Minotaur Berserker)           Turns: 5112, Time: 00:23:13

Health: -6/130     AC: 26    Str: 32      XL:     12   Next: 62%
Magic:  0/11       EV: 19    Int:  2 (3)  God:    Trog [******]
Gold:   615        SH:  0    Dex: 18      Spells: 11/11 levels left

rFire   x . .        n - +7 great sword
rCold   . . .        (shield currently unavailable)
rNeg    . . .        u - +1 plate armour {Will+}
rPois   .            C - +3 crown of Dyrovepreva {rElec Int+2 SInv}
rElec   +            (no cloak)
rCorr   .            B - +2 pair of gloves "Jeceipoy" {rF- Str+4 Int-3 Dex+9}
SInv    +            (no boots)
Will    +....        w - amulet of guardian spirit Stlth
                     (no ring)
HPRegen 0.41/turn    (no ring)
MPRegen 0.12/turn

%: no teleportation, guardian spirit
@: silenced, on berserk cooldown, hasted and slowed
A: horns 2, retaliatory headbutt, wild magic 1
a: Renounce Religion


You were in the Dungeon.
You worshipped Trog.
Trog was exalted by your worship.
You visited 1 branch You collected 4774 gold pieces.
You spent 4159 gold pieces at shops.

Inventory:

Hand Weapons
 a - a +1 falchion of draining
 m - a +1 triple sword
 n - a +7 great sword (weapon)
 p - a +4 antimagic great sword
 q - the +3 rapier "Ukhlonor" {flame, *Noise rCorr Str+4}
   (Trog gifted it to you in the Dungeon)

   Str:       It affects your strength (+4).
   *Noise:    It may make noises in combat.
   rCorr:     It protects you from acid and corrosion.
Missiles
 l - 5 curare-tipped darts (quivered)
Armour
 b - a +0 animal skin
 j - a +0 chain mail
 s - the +2 hat of the Bear Spirit {Spirit, Bear, *Rage Will++}
   (You bought it in a shop in the Dungeon)

   Bear:      Going berserk makes the wearer exceptionally tough, and they are
   slowed for a shorter time afterward.
   *Rage:     It berserks you when you make melee attacks (+20% chance).
   Will:      It greatly increases your willpower.
 t - a +0 pair of gloves of infusion
 u - a +1 plate armour of willpower (worn)
 B - the +2 pair of gloves "Jeceipoy" (worn) {rF- Str+4 Int-3 Dex+9}
   (You bought it in a shop in the Dungeon)

   Str:       It affects your strength (+4).
   Int:       It affects your intelligence (-3).
   Dex:       It affects your dexterity (+9).
   rF:        It makes you vulnerable to fire.
 C - the +3 crown of Dyrovepreva (worn) {rElec Int+2 SInv}
   (You bought it in a shop in the Dungeon)

   Int:       It affects your intelligence (+2).
   rElec:     It insulates you from electricity.
   SInv:      It lets you see invisible.
Jewellery
 w - an amulet of guardian spirit (around neck)
Wands
 i - a wand of iceblast (1)
 r - a wand of polymorph (5)
Scrolls
 d - 3 scrolls of identify
 x - a scroll of blinking
 y - 2 scrolls of silence
 z - a scroll of vulnerability {unknown}
 A - a scroll of magic mapping {unknown}
 D - a scroll of enchant armour {unknown}
Potions
 c - 4 potions of curing
 f - 3 potions of magic
 g - a potion of berserk rage
 h - a potion of might
 k - a potion of flight
 o - a potion of degeneration
 v - a potion of attraction


   Skills:
 + Level 19.6 Fighting
 + Level 20.9 Long Blades
 + Level 19.5 Armour
 + Level 18.0 Dodging


You had 11 spell levels left.
You didn't know any spells.
Your spell library contained the following spells:

 Spells                   Type           Power      Damage    Failure   Level
 Sandblast                Erth           0%         2d4       96%         1
 Cigotuvi's Dreadful Rot  Necr/Pois/Air  0%         N/A       99%         2
 Passwall                 Tmut/Erth      0%         N/A       99%         2
 Ignite Poison            Fire/Tmut/Pois 0%         N/A       100%        3
 Stone Arrow              Conj/Erth      0%         3d7       100%        3
 Freezing Cloud           Conj/Ice/Air   0%         6-21      100%        5


Dungeon Overview and Level Annotations

Branches:
Dungeon (1/1)

Altars:
Cheibriados
Dithmenos
Elyvilon
Fedhas
Gozag
Hepliaklqana
Kikubaaqudgha
Makhleb
Nemelex Xobeh
Okawaru
Qazlal
Ru
Sif Muna
Trog
Uskayaw
Vehumet
Wu Jian
Xom
Yredelemnul
Zin
The Shining One
Jiyva
Lugonu

Shops:
D *[[?[((:([***[(([(([*?

Annotations:
D Lom Lobon


Innate Abilities, Weirdness & Mutations

You have a pair of horns on your head.
You reflexively headbutt those who attack you in melee.
Your spells are a little harder to cast, but a little more powerful.


Message History

Trog accepts your kill.
Trog appreciates your killing of a magic user.
The fire giant points at you and mumbles some strange words.
The fireball explodes!
The fireball engulfs you! The fire burns you terribly!
* * * LOW HITPOINT WARNING * * *
You feel your intelligence returning.
Your Dodging skill increases to level 18!
You feel a strong urge to attack something.
You feel your anger nearly subside.
You are no longer berserk.
You are exhausted.
You feel yourself slow down.
There is an open door here.
You close the door.
Something unseen breaks down the door.
Okay, then.
Okay, then.
You feel yourself speed up.
As you read the scroll of silence, it crumbles to dust.
A profound silence engulfs you.
A fire giant comes into view.
It is wielding a +2 great sword of flaming.
You slice the fire giant!!
The fire giant is lightly wounded.
You slice the fire giant!!
The fire giant is heavily wounded.
You slice the fire giant!!
The fire giant is severely wounded.
The fire giant hits you but does no damage.
You completely miss the fire giant.
You headbutt the fire giant, but do no damage.
The fire giant is severely wounded.
The fire giant barely misses you.
The fire giant hits you but does no damage.
You hit the fire giant.
The fire giant is severely wounded.
You hit the fire giant. You headbutt the fire giant!
The fire giant is almost dead.
The fire giant hits you with a +2 great sword of flaming!
* * * LOW HITPOINT WARNING * * *
The fire giant burns you!
You die...

...##'#.####..§.§##..'..#§§§.##
...'§.#.#.###.§.#######'#.§§§§###
####.§§§#'#.###§#).$##.)#§..§§#..
§.##'####...#y#.##...#.)##....#)∩
§.#..§..#...###§.###.#.)≈###'##..
§.#..○.°'.....##.#A#.#..≈..#.####
#§###...#.....#..###.#..≈.##)#..§
#.'.#...###''##)##..$#).≈##....§§
###.#..###..###.@#+###..≈#§....§§
∩##.#○○####..###CC.#.≈..##.§....§
###.##'#..#..#○###.#.≈..#..§§..§.
§##.##.#.........#.###..#.....)§.
.§§§####.........#.#.'..##.......
###.#..'......####C#.##§##.......
.§#.#####...###....#.#§§§##......
.#§§# #####)..####§#§§§~##.....
~#### ....C..###°§.*#~§&~~######


You could see 2 fire giants.

Vanquished Creatures
  A golden dragon (D)
  A shadow dragon (D)
  A fire giant (D)
  A lorocyproca (D)
  A deep elf annihilator (D)
  A mummy priest (D)
  A hydra (D)
  2 centaur warriors (D)
  Sonja (D)
  A deep troll (D)
  A lindwurm (D)
  2 oklob plants (D)
  8 shining eyes (D)
  2 merfolk sirens (D)
  2 gargoyles (D)
  4 demonic crawlers (D)
  2 kobold demonologists (D)
  7 unseen horrors (D)
  A hellwing (D)
  5 hornets (D)
  A slime creature (D)
  Sigmund (D)
  A yak (D)
  13 hogs (D)
  2 redbacks (D)
  6 floating eyes (D)
  An ogre (D)
  7 necrophages (D)
  Ijyb (D)
  8 jellies (D)
86 creatures vanquished.

Vanquished Creatures (collateral kills)
  A floating eye (D)
1 creature vanquished.

Vanquished Creatures (others)
  A ball lightning (D)
  2 ballistomycete spores (D)
3 creatures vanquished.

Grand Total: 90 creatures vanquished

Notes
Turn   | Place    | Note
-------+----------+-------------------------------------------
     0 | D        | PurpleRed the Minotaur Berserker began the quest for the
                  | Orb.
     0 | D        | Reached XP level 1. HP: 19/19 MP: 0/0
     1 | D        | Noticed Ijyb
     7 | D        | Killed Ijyb
     8 | D        | Reached skill level 5 in Fighting
     8 | D        | Reached skill level 5 in Long Blades
     8 | D        | Reached XP level 2. HP: 25/29 MP: 1/1
    49 | D        | Noticed an ogre
    54 | D        | Killed an ogre
    55 | D        | Reached skill level 6 in Long Blades
    55 | D        | Reached skill level 5 in Dodging
    55 | D        | Reached XP level 3. HP: 38/38 MP: 2/2
    55 | D        | Reached XP level 4. HP: 45/45 MP: 3/3
   111 | D        | Noticed Sigmund
   121 | D        | Killed Sigmund
   121 | D        | Reached ** piety under Trog
   122 | D        | Reached skill level 11 in Long Blades
   122 | D        | Reached XP level 5. HP: 51/51 MP: 4/4
   122 | D        | Reached XP level 6. HP: 58/58 MP: 5/5
   166 | D        | Found a burning altar of Makhleb.
   166 | D        | Found a viscous altar of Jiyva.
   166 | D        | Found a shimmering altar of Xom.
   166 | D        | Found a corrupted altar of Lugonu.
   166 | D        | Noticed a slime creature
   172 | D        | Killed a slime creature
   173 | D        | Reached skill level 14 in Long Blades
   218 | D        | Found an ornate altar of the Wu Jian Council.
   218 | D        | Found a shimmering blue altar of Sif Muna.
   220 | D        | Found a radiant altar of Vehumet.
   246 | D        | Found Mydujume's Magic Scroll Emporium.
   246 | D        | Found an ancient bone altar of Kikubaaqudgha.
   246 | D        | Found a hazy altar of Hepliaklqana.
   246 | D        | Found a hide-covered altar of Uskayaw.
   246 | D        | Found a basalt altar of Yredelemnul.
   246 | D        | Found an opulent altar of Gozag.
   246 | D        | Found a snail-covered altar of Cheibriados.
   246 | D        | Found a sacrificial altar of Ru.
   246 | D        | Found a shadowy altar of Dithmenos.
   246 | D        | Noticed a yak
   260 | D        | Killed a yak
   261 | D        | Reached skill level 16 in Long Blades
   261 | D        | Reached XP level 7. HP: 33/64 MP: 6/6
   261 | D        | Found a stormy altar of Qazlal.
   261 | D        | Found a blossoming altar of Fedhas.
   261 | D        | Found a bloodstained altar of Trog.
   261 | D        | Found an iron altar of Okawaru.
   261 | D        | Found a glowing golden altar of the Shining One.
   261 | D        | Found a glowing silver altar of Zin.
   261 | D        | Found a white marble altar of Elyvilon.
   262 | D        | Found a sparkling altar of Nemelex Xobeh.
   266 | D        | Bought a scroll of brand weapon for 133 gold pieces
   266 | D        | Bought a scroll of summoning for 133 gold pieces
   266 | D        | Bought a scroll of enchant weapon for 105 gold pieces
   350 | D        | Noticed Sonja
   364 | D        | Killed Sonja
   364 | D        | Reached *** piety under Trog
   365 | D        | Reached skill level 18 in Long Blades
   365 | D        | Reached XP level 8. HP: 33/71 MP: 7/7
   514 | D        | Noticed a deep troll
   524 | D        | Killed a deep troll
   525 | D        | Reached skill level 20 in Long Blades
   630 | D        | Noticed a centaur warrior
   635 | D        | Noticed a centaur warrior
   642 | D        | Killed a centaur warrior
   643 | D        | Reached XP level 9. HP: 24/82 MP: 8/8
   645 | D        | Killed a centaur warrior
   645 | D        | Reached **** piety under Trog
   971 | D        | Paralysed by a hornet for 2 turns
   975 | D        | Reached skill level 10 in Fighting
  1009 | D        | Noticed an oklob plant
  1016 | D        | Killed an oklob plant
  1017 | D        | Reached skill level 10 in Armour
  1116 | D        | Killed an unseen horror
  1116 | D        | Reached ***** piety under Trog
  1117 | D        | Reached skill level 10 in Dodging
  1117 | D        | Reached XP level 10. HP: 54/96 MP: 9/9
  1296 | D        | Received a gift from Trog
  1355 | D        | Identified the +3 rapier "Ukhlonor" {flame, *Noise rCorr
                  | Str+4} (Trog gifted it to you in the Dungeon)
  1355 | D        | Received a gift from Trog
  1416 | D        | Found Yxyfat's Book Shoppe.
  1416 | D        | Found Ycoyfiq's Weapon Shop.
  1416 | D        | Found Wejak's Antique Weapon Boutique.
  1418 | D        | Found Culachips's Antique Armour Emporium.
  1418 | D        | Found Datiwyk's Assorted Antiques.
  1418 | D        | Found Miph's General Store.
  1418 | D        | Found Guloamaf's Assorted Antiques.
  1418 | D        | Found Uror Oto's Armour Emporium.
  1418 | D        | Found Rose's Antique Weapon Shop.
  1418 | D        | Found Neblieru's Antique Weapon Shoppe.
  1422 | D        | Found Demerrug's Armour Boutique.
  1423 | D        | Bought the +2 hat of the Bear Spirit {Spirit, Bear, *Rage
                  | Will++} for 767 gold pieces
  1423 | D        | Found the +2 hat of the Bear Spirit {Spirit, Bear, *Rage
                  | Will++}
  1428 | D        | Found Guecseas's Antique Weapon Emporium.
  1428 | D        | Found Erghapisy's Weapon Boutique.
  1431 | D        | Found Bamif's Assorted Antiques.
  1440 | D        | Bought a pair of runed gloves for 127 gold pieces
  1451 | D        | Bought a +1 plate armour of willpower for 350 gold pieces
  1503 | D        | Found Tetojugg's Armour Emporium.
  1539 | D        | Noticed an orange demon
  1546 | D        | Reached ****** piety under Trog
  1546 | D        | Received a gift from Trog
  1572 | D        | Noticed a demonic crawler
  1572 | D        | Noticed a demonic crawler
  1572 | D        | Noticed a demonic crawler
  1572 | D        | Noticed a demonic crawler
  1578 | D        | Killed a demonic crawler
  1586 | D        | Killed a demonic crawler
  1593 | D        | Killed a demonic crawler
  1598 | D        | Killed a demonic crawler
  1810 | D        | Noticed a lindwurm
  1813 | D        | Killed a lindwurm
  1843 | D        | Noticed a gargoyle
  1860 | D        | Killed a gargoyle
  2050 | D        | Found Juklic's Assorted Antiques.
  2058 | D        | Bought a scroll of identify for 56 gold pieces
  2065 | D        | Noticed a shining eye
  2065 | D        | Noticed a shining eye
  2065 | D        | Noticed a shining eye
  2066 | D        | Paralysed by a floating eye for 2 turns
  2071 | D        | Paralysed by a floating eye for 3 turns
  2077 | D        | Reached XP level 11. HP: 111/111 MP: 1/10
  2094 | D        | Paralysed by a floating eye for 2 turns
  2099 | D        | Received a gift from Trog
  2138 | D        | Killed a shining eye
  2140 | D        | Gained mutation: You sometimes lose your temper in combat.
                  | [a shining eye]
  2141 | D        | Killed a shining eye
  2142 | D        | Noticed a shining eye
  2142 | D        | Gained mutation: You are clumsy. (Dex -2) [a shining eye]
  2150 | D        | Gained mutation: You are frail. (-10% HP) [a shining eye]
  2152 | D        | Gained mutation: You have hidden genetic defects. [a
                  | shining eye]
  2155 | D        | Killed a shining eye
  2156 | D        | Reached skill level 15 in Fighting
  2161 | D        | Noticed a shining eye
  2161 | D        | Noticed a shining eye
  2162 | D        | Noticed a shining eye
  2162 | D        | Noticed a shining eye
  2162 | D        | Gained mutation: You occasionally lose the ability to read
                  | scrolls when taking damage. [a shining eye]
  2166 | D        | Paralysed by a floating eye for 4 turns
  2167 | D        | Gained mutation: Armour fits poorly on your strangely
                  | shaped body. [a shining eye]
  2168 | D        | Gained mutation: Your spells are a little easier to cast,
                  | but a little less powerful. [a shining eye]
  2169 | D        | Gained mutation: You are weak. (Str -2) [a shining eye]
  2172 | D        | Killed a shining eye
  2172 | D        | Gained mutation: Your body sometimes deteriorates upon
                  | taking damage. [a shining eye]
  2173 | D        | Reached skill level 15 in Armour
  2175 | D        | Killed a shining eye
  2178 | D        | Killed a shining eye
  2178 | D        | Received a gift from Trog
  2179 | D        | Gained mutation: Your magical capacity is low. (-10% MP) [a
                  | shining eye]
  2183 | D        | Killed a shining eye
  2187 | D        | Killed a shining eye
  2197 | D        | Lost mutation: You are weak. (Str -2) [potion of mutation]
  2197 | D        | Lost mutation: You have hidden genetic defects. [potion of
                  | mutation]
  2197 | D        | Lost mutation: Armour fits poorly on your strangely shaped
                  | body. [potion of mutation]
  2197 | D        | Gained mutation: You are vulnerable to cold. (rC-) [potion
                  | of mutation]
  2243 | D        | Bought 2 potions of mutation for 176 gold pieces
  2243 | D        | Lost mutation: Your spells are a little easier to cast, but
                  | a little less powerful. [potion of mutation]
  2243 | D        | Lost mutation: You are vulnerable to cold. (rC-) [potion of
                  | mutation]
  2243 | D        | Gained mutation: You have supernaturally acute eyesight.
                  | (SInv) [potion of mutation]
  2243 | D        | Gained mutation: Your movements are slightly less
                  | encumbered by armour. (ER -2) [potion of mutation]
  2244 | D        | Lost mutation: You occasionally lose the ability to read
                  | scrolls when taking damage. [potion of mutation]
  2244 | D        | Lost mutation: Your movements are slightly less encumbered
                  | by armour. (ER -2) [potion of mutation]
  2244 | D        | Lost mutation: You sometimes lose your temper in combat.
                  | [potion of mutation]
  2244 | D        | Lost mutation: Your magical capacity is low. (-10% MP)
                  | [potion of mutation]
  2244 | D        | Gained mutation: You have sharp fingernails. [potion of
                  | mutation]
  2244 | D        | Lost mutation: You have sharp fingernails. [potion of
                  | mutation]
  2244 | D        | Gained mutation: Your spells are a little harder to cast,
                  | but a little more powerful. [potion of mutation]
  2245 | D        | Bought a potion of mutation for 88 gold pieces
  2245 | D        | Bought a potion of mutation for 88 gold pieces
  2245 | D        | Lost mutation: You are frail. (-10% HP) [potion of
                  | mutation]
  2245 | D        | Lost mutation: Your body sometimes deteriorates upon taking
                  | damage. [potion of mutation]
  2245 | D        | Lost mutation: You are clumsy. (Dex -2) [potion of
                  | mutation]
  2245 | D        | Gained mutation: Your body sometimes deteriorates upon
                  | taking damage. [potion of mutation]
  2245 | D        | Gained mutation: You have a pair of large horns on your
                  | head. [potion of mutation]
  2246 | D        | Lost mutation: Your body sometimes deteriorates upon taking
                  | damage. [potion of mutation]
  2246 | D        | Lost mutation: You have a pair of large horns on your head.
                  | [potion of mutation]
  2246 | D        | Lost mutation: You have supernaturally acute eyesight.
                  | (SInv) [potion of mutation]
  2314 | D        | Received a gift from Trog
  2324 | D        | Reached skill level 15 in Dodging
  2334 | D        | Received a gift from Trog
  2364 | D        | Noticed a daeva
  2370 | D        | Noticed a 12-headed hydra
  2392 | D        | Paralysed by a floating eye for 3 turns
  2617 | D        | Killed a 19-headed hydra
  2738 | D        | Noticed a shadow dragon
  2739 | D        | Noticed a golden dragon
  2747 | D        | Killed a shadow dragon
  2755 | D        | Killed a golden dragon
  2755 | D        | Received a gift from Trog
  2756 | D        | Reached XP level 12. HP: 37/127 MP: 0/11
  3005 | D        | Found Puatan's Magic Scroll Shoppe.
  3021 | D        | Bought 3 scrolls of blinking for 315 gold pieces
  3021 | D        | Bought 3 scrolls of silence for 399 gold pieces
  3055 | D        | Noticed a deep elf annihilator
  3059 | D        | Killed a deep elf annihilator
  3072 | D        | Received a gift from Trog
  3074 | D        | Noticed a mummy priest
  3319 | D        | Noticed a jiangshi
  3319 | D        | Killed a mummy priest
  3530 | D        | Noticed Lom Lobon
  3785 | D        | Killed a lorocyproca
  4164 | D        | Found Ysem's Antique Armour Shop.
  4164 | D        | Found Houmui's Antique Armour Shoppe.
  4164 | D        | Found Toeg's Antique Weapon Boutique.
  4164 | D        | Found Goshour's Antique Armour Emporium.
  4178 | D        | Bought a pair of ichor-stained gloves for 161 gold pieces
  4178 | D        | Identified the +2 pair of gloves "Jeceipoy" {rF- Str+4
                  | Int-3 Dex+9} (You bought it in a shop in the Dungeon)
  4299 | D        | Bought the +3 crown of Dyrovepreva {rElec Int+2 SInv} for
                  | 1159 gold pieces
  4299 | D        | Found the +3 crown of Dyrovepreva {rElec Int+2 SInv}
  4315 | D        | Lost intelligence.
  4364 | D        | Bought a potion of might for 68 gold pieces
  4364 | D        | Bought a scroll of identify for 34 gold pieces
  4645 | D        | Received a gift from Trog
  5087 | D        | Noticed a fire giant
  5090 | D        | Noticed a fire giant
  5094 | D        | Killed a fire giant
  5094 | D        | HP: 8/195 [fire giant/fireball (8)]
  5106 | D        | Noticed a fire giant
  5112 | D        | HP: 3/130 [fire giant/+2 great sword of flaming (10)]
  5112 | D        | Mangled by a fire giant

Illustrated notes

Levels and vault maps discovered:
D:        dungeon_sprint_1 [red_sonja_temple_1, red_sonja_temple_small_1]

Skill      XL: |  1  2  3  4  5  6  7  8  9 10 11 12 |
---------------+-------------------------------------+-----
Fighting       | 5 6 8 11 14 18 19 | 19.6
Long Blades    | 5 6 11 16 18 20 | 20.9
Armour         | 4 6 8 11 14 17 19 | 19.5
Dodging        | 3 5 7 10 13 16 18 | 18.0

Action                     |  1- 3 |  4- 6 |  7- 9 | 10-12 || total
---------------------------+-------+-------+-------+-------++-------
  Melee: Falchion          |     8 |    25 |    56 |    22 ||   111
         Headbutt          |     2 |     9 |    14 |    54 ||    79
         Punch             |       |     1 |     1 |       ||     2
         Great sword       |       |       |       |   203 ||   203
 Invoke: Berserk           |     2 |     2 |     5 |     7 ||    16
  Evoke: Wand              |       |       |       |     1 ||     1
    Use: Scroll            |       |       |     4 |     8 ||    12
         Potion            |       |       |       |    12 ||    12
 Armour: Chain mail        |     1 |     3 |    47 |    11 ||    62
         Plate armour      |       |       |       |   180 ||   180
  Dodge: Dodged            |       |     4 |    28 |   103 ||   135
